 Dungeon Crawl Stone Soup version 0.31-a0-441-g867994ef1c (webtiles) character file.

Game seed: 7372430503892522381

118 jasper the Sneak (level 4, 0/23 HPs)
             Began as a Spriggan Hunter on Aug 2, 2023.
             Was a Follower of Trog.
             Killed by divine providence
             ... invoked by an orc priest
              (9 damage)
             ... on level 3 of the Dungeon.
             The game lasted 00:03:53 (1843 turns).

jasper the Sneak (Spriggan Hunter)                  Turns: 1843, Time: 00:03:54

Health: 0/23       AC:  2    Str:  7    XL:     4   Next: 72%
Magic:  5/5        EV: 19    Int: 10    God:    Trog [*.....]
Gold:   101        SH:  0    Dex: 20    Spells: 3/3 levels left

rFire   . . .        a - +0 shortbow
rCold   . . .        (shield currently unavailable)
rNeg    . . .        c - +0 robe
rPois   .            (helmet restricted)
rElec   .            (no cloak)
rCorr   .            (gloves unavailable)
SInv    +            (boots unavailable)
Will    .....        (no amulet)
Stlth   +++          (no ring)
HPRegen 0.23/turn    (no ring)
MPRegen 0.09/turn

%: no passive effects
@: very quick
A: very small, no large weapons, unfitting armour, see invisible, speed 3
a: Renounce Religion, Berserk


You were on level 3 of the Dungeon.
You worshipped Trog.
Trog was aware of your devotion.
You visited 1 branch of the dungeon, and saw 3 of its levels.

You collected 101 gold pieces.

Inventory:

Hand Weapons
 a - a +0 shortbow (weapon)
Missiles
 f - 13 poisoned darts
 h - 2 boomerangs
Armour
 c - a +0 robe (worn)
Scrolls
 b - a scroll of butterflies
 i - a scroll of blinking {unknown}
 j - 3 scrolls of teleportation {unknown}
 k - 2 scrolls of enchant weapon {unknown}
 l - a scroll of enchant armour {unknown}
 m - a scroll of amnesia {unknown}
Potions
 d - a potion of brilliance {unknown}
 e - 2 potions of lignification {unknown}
 g - a potion of heal wounds {unknown}
 n - a potion of curing {unknown}


   Skills:
 + Level 2.3 Fighting
 - Level 4.0 Ranged Weapons
 + Level 3.6 Dodging
 - Level 5.0 Stealth
 + Level 1.2 Unarmed Combat


You had 3 spell levels left.
You didn't know any spells.
Your spell library contained the following spells:

 Spells                   Type           Power      Damage    Failure   Level
 Ensorcelled Hibernation  Hex/Ice        0%         N/A       50%         2


Dungeon Overview and Level Annotations

Branches:
Dungeon (3/15)

Altars:
Gozag
Trog
Zin


Innate Abilities, Weirdness & Mutations

You are very small and have problems with some larger weapons.
You are too small for most types of armour.
You have supernaturally acute eyesight. (SInv)
You cover ground extremely quickly. (Speed+++)


Message History

You kill the kobold!
Found a fuming ruby potion.
There is an open door here.
Found an opulent altar of Gozag.
There is a faded altar of an unknown god here.
This altar belongs to (a) Xom, (b) Trog or (c) Makhleb, but you can't tell which.
Press the corresponding letter to learn more about a god, or press enter to convert or escape to cancel.
Trog accepts your prayer! Trog welcomes you!
You can now go berserk at will.
f - 13 poisoned darts (gained 7)
Things that are here:
a +0 short sword; a kobold corpse
Found a stone staircase leading down.
e - 2 fuming ruby potions (gained 1)
There is an open door here.
You see here a ball python corpse.
An orc and an orc priest come into view.
The orc is wielding a +0 hand axe of flaming.
Fire: a) +0 shortbow
Press: ? - help, Q - select action, (/) - cycle Shift-Dir - straight line, f - orc priest
Aim: an orc priest, wielding a +0 dagger (wandering, hasn't noticed you, 65% to hit)
You shoot an arrow. The orc shouts!
The orc priest shouts!
The arrow hits the orc priest!
The orc priest is severely wounded.
You hear a shout!
The orc priest mumbles some strange prayers to Beogh against you.
Beogh smites you!
Ouch! That really hurt!
An orc comes into view. It is wielding a +0 whip.
You take 14 damage, and have 9/23 hp.
MASSIVE DAMAGE!!
Fire: a) +0 shortbow
Press: ? - help, Q - select action, (/) - cycle Shift-Dir - straight line, f/p - orc priest
Aim: an orc priest, wielding a +0 dagger (severely wounded, 65% to hit)
You shoot an arrow. The arrow hits the orc priest.
The orc priest is almost dead.
The orc priest calls down the wrath of Beogh upon you.
Beogh smites you!
You die...

8##.#............###########
..#..........###.#
..#.#.....##.# #.#
..#.#.....##.# #.#
.##.#..#.###.# #.#
##..#..#.# #.# #.# # ....#.
#.# #.# .# #. #.# #.# #.#
#@# #.# #.......o #####.o..
.o


You could see an orc priest and 2 orcs.

Vanquished Creatures
  Jessica (D:2)
  3 adders (D:2)
  A dart slug (D:2)
  9 endoplasms
  12 goblins
  4 hobgoblins
  3 jackals (D:1)
  3 quokkas
  8 ball pythons
  6 frilled lizards
  6 kobolds
  5 rats
61 creatures vanquished.

Notes
Turn   | Place    | Note
-------+----------+-------------------------------------------
     0 | D:1      | jasper the Spriggan Hunter began the quest for the Orb.
     0 | D:1      | Reached XP level 1. HP: 10/10 MP: 2/2
    30 | D:1      | Reached skill level 2 in Stealth
    72 | D:1      | Reached skill level 3 in Stealth
    81 | D:1      | Reached XP level 2. HP: 14/14 MP: 3/3
   288 | D:1      | Reached skill level 4 in Stealth
   487 | D:1      | Reached XP level 3. HP: 18/18 MP: 4/4
   554 | D:1      | Reached skill level 5 in Stealth
   793 | D:2      | Noticed Jessica
   811 | D:2      | Killed Jessica
   812 | D:2      | Reached skill level 1 in Unarmed Combat
   812 | D:2      | Reached XP level 4. HP: 14/23 MP: 5/5
   855 | D:2      | Got Jessica's Directory of Malediction
  1637 | D:3      | Found a glowing silver altar of Zin.
  1764 | D:3      | Found a faded altar of an unknown god.
  1769 | D:3      | Found an opulent altar of Gozag.
  1774 | D:3      | Prayed at the altar of an unknown god.
  1774 | D:3      | Became a worshipper of Trog the Wrathful
  1774 | D:3      | Reached * piety under Trog
  1843 | D:3      | Killed from afar by an orc priest

Illustrated notes

Levels and vault maps discovered:
D:1:      eino_arrival_water_cross, layout_loops_ring
D:2:      layout_basic, minmay_misc_feat_doors, hangedman_decor_points,
          kennysheep_jessica_study
D:3:      layout_loops_ring, nicolae_overflow_ecumenical_swirl, zin_statuary,
          mainiacjoe_overflow_boulevard, hangedman_decor_clover_reticule,
          mrwooster_statue_mirror, chequers_serial_rivers_small_a

Skill      XL: |  1  2  3 |
---------------+----------+-----
Stealth        | 3 4 5 |  5.0
Dodging        | 3 |  3.6
Fighting       | 2 |  2.3
Unarmed Combat | 1 |  1.2
Ranged Weapons | |  4.0

Action                     |  1- 3 |  4- 6 || total
---------------------------+-------+-------++-------
   Fire: Shortbow          |    93 |    59 ||   152
    Use: Scroll            |     1 |       ||     1
 Armour: Robe              |     2 |       ||     2
  Dodge: Dodged            |    39 |    15 ||    54

Table legend: (Time is in decaauts)
 A = Elapsed time spent in this place.
 B = Non-inter-level travel time spent in this place.
 C = Inter-level travel time spent in this place.
 D = Time resting spent in this place.
 E = Time spent auto-exploring this place.
 F = Levels seen in this place.
 G = Mean time per level.
                   A        B        C        D        E       F      G
               +--------+--------+--------+--------+--------+-----+--------+
         Total |   1283 |   1259 |     24 |    100 |    899 |   3 |  427.7 |
       Dungeon |   1283 |   1259 |     24 |    100 |    899 |   3 |  427.7 |
               +--------+--------+--------+--------+--------+-----+--------+

Top non-repeatable levels by time:
     D:1: 521 daAuts
     D:2: 491 daAuts
     D:3: 270 daAuts
